[Event "*** Titled Tuesday Blitz"]
[Site "Chess.com"]
[Date "2019.04.02"]
[Round "7"]
[White "HanSchut"]
[Black "Nancy11111"]
[Result "1/2-1/2"]
[WhiteElo "2180"]
[BlackElo "2270"]
[TimeControl "180+2"]
[EndTime "15:35:06 PDT"]
[Termination "Game drawn by repetition"]

1. e4 c5 2. Nf3 d6 3. d4 cxd4 4. Nxd4 Nf6 5. f3 a6 6. c4 g6 7. Be3 Bg7 8. Qd2 O-O 9. Nc3 Nc6 10. Be2 Nd7 11. Nc2 b6 12. O-O Bb7 13. Rac1 Rc8 14. Rfd1 Nce5 15. b3 b5 16. cxb5 Rxc3 17. bxa6 Ba8 18.
Nd4 Rxc1 19. Rxc1 Nc5 20. b4 Na4 21. Bb5 Nb6 22. a4 Qb8 23. a5 Nc8 24. Be2 d5 25.
exd5 Bxd5 26. b5 Nd7 27. b6 Ncxb6 28. axb6 Nxb6 29. Nc6 Bxc6 30. Rxc6 Nc8 31. Rxc8 Rxc8 32. a7 Qb1+ 33. Kf2 Qa1 34. Bd3 Ra8 35. Be4 Rxa7 36. Qd8+ Bf8 37. Bh6 Ra2+ 38. Kg3 Qe5+ 39. f4 Ra3+ 40.
Bf3 Qe1+ 41. Kh3 Rxf3+ 42. gxf3 Qf1+ 43. Kg3 Qg1+ 44. Kh3 Qf1+ 45. Kg3 Qe1+ 46. Kh3 Qf1+ 47.
Kg3 Qg1+ 48. Kh3 Qf1+ 49. Kg3 Qe1+ 50. Kh3 Qe6+ 51. Kg2 Qe2+ 52. Kg3 Qe1+ 53. Kh3 Qf1+ 1/2-1/2

[Event "*** Titled Tuesday Blitz"]
[Site "Chess.com"]
[Date "2019.04.02"]
[Round "7"]
[White "SARGISMV"]
[Black "area_5"]
[Result "0-1"]
[WhiteElo "2452"]
[BlackElo "2712"]
[TimeControl "180+2"]
[EndTime "15:35:07 PDT"]
[Termination "area_5 won by checkmate"]

1. d4 g6 2. c4 Bg7 3. Nc3 d6 4. e4 Nc6 5. Be3 e5 6. d5 Nd4 7. Nge2 Nxe2 8. Bxe2 f5 9. exf5 gxf5 10. f4 e4 11. Bh5+ Kf8 12. O-O Nf6 13. Be2 h5 14. h3 Bd7 15. Bd4 Qe7 16. Qd2 Kf7 17. Nd1 h4 18. Ne3 Bh6 19. Rf2 Rhg8 20. Qc3 Rg3 21. Qb4 b6 22. Nf1 Rg6 23. Qc3 Rag8 24. Re1 Kf8 25.
Ne3 a5 26. b3 Ne8 27. a3 Rg3 28. b4 axb4 29. axb4 Rxh3 30. c5 bxc5 31. bxc5 Rhg3 32. Rb1 h3 33. Rb8 hxg2 34. Bf6 Qf7 35. c6 Bxc6 36. dxc6 Rh3 37. Rxg2 Bxf4 38. Rxe8+ Kxe8 39. Bc4 Rxg2+ 40. Nxg2 Qh7 41. Qa5 Rh1+ 42. Kf2 e3+ 43. Ke2 Qh5+ 44. Kd3 Qd1+ 45. Kc3 Qc1+ 46. Kb3 Qb1+ 47. Bb2 Qd1+ 48. Ka2 Qb1+ 49. Ka3 e2 50. Qa8+ Ke7 51. Bxe2 Rh3+ 52. Ka4 Qa2+ 53. Kb5 Qxa8 54. Kc4 Qa4+ 55. Kd5 Qe4# 0-1

[Event "*** Titled Tuesday Blitz"]
[Site "Chess.com"]
[Date "2019.04.02"]
[Round "7"]
[White "DagurR"]
[Black "mlchen"]
[Result "1-0"]
[WhiteElo "2532"]
[BlackElo "2401"]
[TimeControl "180+2"]
[EndTime "15:35:11 PDT"]
[Termination "DagurR won by resignation"]

1. d4 Nf6 2. c4 e6 3. Nc3 Bb4 4. e3 O-O 5. Bd3 b6 6. Ne2 Bb7 7. O-O d5 8. cxd5 exd5 9. a3 Bd6 10. Ng3 Bxg3 11. hxg3 c5 12. b3 Nc6 13. dxc5 bxc5 14. Bb2 Na5 15. Bc2 Ba6 16. Re1 d4 17. exd4 cxd4 18. Ne4 Nc6 19. Rc1 Rc8 20. Nc5 Qb6 21.
Nxa6 Qxa6 22. g4 Rfd8 23. g5 Nd5 24. Bd3 Qb6 25. b4 Nf4 26. Be4 Ne6 27. Qg4 Ne5 28. Qf5 Ng6 29. Rxc8 Rxc8 30. Rd1 Rd8 31. Bd3 Qc7 32.
g3 Qd6 33. f4 Qc6 34. Qe4 Qc7 35. Kg2 Nexf4+ 36. gxf4 Nxf4+ 37. Kf3 Ne6 38. Qxh7+ Kf8 39. Qf5 Qh2 40. g6 Rd7 41. Bc1 Qh4 42. Bc4 Qe7 43.
Bxe6 Qxe6 44. Qxe6 fxe6 45. Ke4 Rc7 46. Bf4 Rc3 47.
Rxd4 Rxa3 48. Rd7 a5 49. bxa5 Rxa5 50. Bd6+ Ke8 51. Re7+ Kd8 52. Rxg7 Ra6 53. Ke5 Ke8 54. Re7+ Kf8 1-0

[Event "*** Titled Tuesday Blitz"]
[Site "Chess.com"]
[Date "2019.04.02"]
[Round "7"]
[White "Off-War"]
[Black "pheonixking2000"]
[Result "0-1"]
[WhiteElo "2632"]
[BlackElo "2781"]
[TimeControl "180+2"]
[EndTime "15:35:14 PDT"]
[Termination "pheonixking2000 won on time"]

1. e4 c6 2. Nc3 d5 3. Nf3 Bg4 4. h3 Bxf3 5. Qxf3 Nf6 6. Be2 e6 7. O-O Nbd7 8. d4 dxe4 9. Nxe4 Nxe4 10. Qxe4 Nf6 11. Qd3 Bd6 12. g3 h5 13. Bg5 Qc7 14. Kg2 h4 15. Bxh4 Nh7 16. Qe3 Kd7 17. f4 Nf8 18. f5 f6 19. fxe6+ Ke7 20. Rxf6 gxf6 21. Bxf6+ Kxf6 22. Rf1+ Kg7 23. Qg5+ Ng6 24. Rf6 Rh6 25. Bd3 Qe7 26. Rf7+ Qxf7 27. exf7 Rf8 28. h4 Be7 29. Qg4 Kxf7 30. h5 Nh8 31. Qd7 Rd6 32. Qxb7 Rxd4 33. Qxc6 Rd6 34. Qc7 Rfd8 35. Qxa7 Kf8 36. Qf2+ Rf6 37. Qe2 Nf7 38. a4 Bd6 39. a5 Re8 40. Qg4 Ne5 41. Qd4 Ke7 42. a6 Rg8 43. a7 Rff8 44. Be4 Rxg3+ 45. Kxg3 Nc6+ 46. Qxd6+ Kxd6 47. b4 Nxa7 48. Kg4 Ke5 49. Bd3 Rg8+ 50. Kh4 Nc6 51. b5 Nd4 52. h6 Nf3+ 53. Kh3 Kf4 0-1

[Event "*** Titled Tuesday Blitz"]
[Site "Chess.com"]
[Date "2019.04.02"]
[Round "7"]
[White "LimeInTheCoconut"]
[Black "hellokostya"]
[Result "0-1"]
[WhiteElo "2491"]
[BlackElo "2508"]
[TimeControl "180+2"]
[EndTime "15:35:14 PDT"]
[Termination "hellokostya won by resignation"]

1. e4 e5 2. Nf3 Nc6 3. Bc4 Bc5 4. O-O d6 5. c3 Nf6 6. d3 Bb6 7. Nbd2 O-O 8. h3 h6 9. Re1 Ne7 10. d4 Ng6 11. Bf1 Re8 12. a4 c6 13. Qc2 a5 14. Nc4 Bc7 15. dxe5 dxe5 16. Be3 Qe7 17.
Rad1 Be6 18. Nfd2 Nh5 19. Nb3 Nhf4 20. Kh2 Kh7 21. Bc5 Qf6 22. Nd6 Reb8 23. g3 b6 24. Ba3 Nh5 25. Kg1 b5 26. Nc5 b4 27. Nxe6 fxe6 28.
cxb4 axb4 29. Qe2 Qg5 30. Nf7 Qe7 31. Qxh5 Qxf7 32. Bxb4 Rxb4 33. Rc1 Rxb2 34. Re2 Rab8 35. Rxc6 Rxe2 36. Qxe2 Rb1 37. Kg2 Bb8 38. a5 Ba7 39. Qc2 Rb7 40. a6 Rd7 41. Bc4 Nf8 42. Bb3 Qe7 43.
Qe2 Qb4 44. Qc4 Qxc4 45. Bxc4 Kg8 46. Rxe6 Kh7 47. Rc6 Ng6 48. Bd5 Ne7 49. Re6 Nxd5 50. exd5 Rxd5 51. Re7 Bd4 52. Kf3 Ra5 53. a7 Rxa7 54.
Rxa7 Bxa7 55. Ke4 Bxf2 56. Kxe5 Bxg3+ 57. Kf5 Bb8 58. h4 g6+ 59. Kg4 Bc7 60. Kh3 Bd8 61.
Kg4 h5+ 62. Kh3 Kg7 0-1

[Event "*** Titled Tuesday Blitz"]
[Site "Chess.com"]
[Date "2019.04.02"]
[Round "7"]
[White "Denis_Palkovich"]
[Black "MaxLeto"]
[Result "0-1"]
[WhiteElo "2229"]
[BlackElo "2320"]
[TimeControl "180+2"]
[EndTime "15:35:15 PDT"]
[Termination "MaxLeto won on time"]

1. d4 g6 2. Bf4 Bg7 3. e3 d6 4. Nf3 Nc6 5. h3 e5 6. Bh2 f5 7.
Be2 Qe7 8. O-O Nf6 9. c4 O-O 10.
Nc3 h6 11. Re1 g5 12. Nd5 Nxd5 13. cxd5 Nd8 14. dxe5 dxe5 15. Qb3 Kh8 16. Rac1 c6 17. dxc6 Nxc6 18. Bb5 Bd7 19. Red1 Rad8 20. Qa4 a6 21. Bxc6 Bxc6 22. Qa5 Bxf3 23. gxf3 f4 24. Rxd8 Rxd8 25. Rc7 Rd7 26. Rc8+ Kh7 27. Kg2 Qe6 28. Qc5 Rd2 29. Rc7 Rd7 30. Qc2+ Kg8 31. Rc8+ Kf7 32. Qh7 Kf6 33.
e4 Re7 34. Rd8 Re8 35. Rxe8 Qxe8 36. Qf5+ Ke7 37. h4 Qf7 38. hxg5 Qxf5 39. exf5 hxg5 40.
Kf1 Kf6 41. Ke2 Kxf5 42. Kd3 Bf6 43. b3 Be7 44. Bg1 Bc5 45. Kc4 Bd4 46. Kd5 g4 47.
fxg4+ Kxg4 48. Ke4 Kh3 49. Kf3 b5 50. a4 bxa4 51. bxa4 a5 0-1

[Event "*** Titled Tuesday Blitz"]
[Site "Chess.com"]
[Date "2019.04.02"]
[Round "7"]
[White "SavelijTartakover"]
[Black "Konavets"]
[Result "0-1"]
[WhiteElo "2611"]
[BlackElo "2818"]
[TimeControl "180+2"]
[EndTime "15:35:18 PDT"]
[Termination "Konavets won by resignation"]

1. d4 Nf6 2. Bg5 c5 3. Bxf6 gxf6 4. d5 f5 5. c4 b5 6. cxb5 a6 7. e3 axb5 8. Bxb5 Qa5+ 9. Nc3 Na6 10. Ne2 Rb8 11.
a4 Nb4 12. O-O Rg8 13. Nf4 Rb6 14. Qh5 Rf6 15. Rad1 Bb7 16. d6 e6 17. g3 Qa8 18.
Qxh7 Rg4 19. Nh5 Qd8 20. Nxf6+ Qxf6 21. a5 Rg6 22. a6 Ba8 23. e4 Rh6 24. e5 Qd8 25.
Qg8 Rg6 26. Qh7 Rh6 27. Qg8 Nc2 28. Ne2 Rg6 29. Qh7 Rh6 30. Qg8 Rg6 31. Qh7 Rg7 32.
Qh3 Qb6 33. Ba4 Nb4 34. Nf4 Qxa6 35. Ra1 Qb7 36. f3 Rg8 37. Nh5 Nd5 38. Rfd1 Rg6 39.
Rxd5 Qxd5 40. Bd1 Qd4+ 41. Kh1 Bc6 42. Nf6+ Rxf6 43. exf6 Qxb2 44. Ra7 Bxd6 45. Qh8+ Bf8 46. Rc7 Bb7 47. Rxc5 Qd4 48. Rc1 Qd2 49. Rb1 Qd3 50. Kg2 Qxb1 51. Be2 Qc2 52. Kf1 Qc1+ 53. Kf2 Qb2 54.
Kf1 d5 55. h4 d4 56. h5 Qb1+ 57. Kf2 d3 58. Bf1 d2 0-1

[Event "*** Titled Tuesday Blitz"]
[Site "Chess.com"]
[Date "2019.04.02"]
[Round "7"]
[White "Zhuu96"]
[Black "emperor87"]
[Result "1-0"]
[WhiteElo "2958"]
[BlackElo "2703"]
[TimeControl "180+2"]
[EndTime "15:35:19 PDT"]
[Termination "Zhuu96 won by resignation"]

1. e4 c6 2. d4 d5 3. exd5 cxd5 4.
Nf3 g6 5. Bf4 Bg7 6. c3 Nf6 7.
Bd3 O-O 8. h3 Bf5 9. Bxf5 gxf5 10. O-O Nc6 11. Na3 e6 12. Nc2 Ne4 13. Ne3 Kh8 14.
Kh1 Rg8 15. Nd2 Qh4 16. Nxe4 fxe4 17. Bg3 Qh6 18. Ng4 Qg5 19. f4 Qg6 20. Bh2 f5 21.
Ne3 Bf6 22. g4 fxg4 23. hxg4 Raf8 24. Qd2 Rg7 25. f5 exf5 26. Nxf5 Rgf7 27. Nh6 Rd7 28. g5 Bg7 29. Rxf8+ Bxf8 30. Qf4 Bxh6 31. gxh6 Qf7 32. Rg1 Qxf4 33. Bxf4 Rf7 34. Bg5 Ne7 35. Kg2 Ng6 36. b3 Kg8 37. c4 dxc4 38. bxc4 Rf5 39. Kh3 Rf3+ 40. Kg4 Rd3 41. d5 Rf3 42. Re1 Ne5+ 43.
Kh4 Nxc4 44. Rxe4 Nd6 45. Re6 Nf5+ 46. Kg4 Nd4 47. Re8+ Rf8 48. Re7 Rf7 49. Re4 Nb5 50.
Re8+ Rf8 51. Re5 Rf7 52. Be7 Rf1 53. d6 Nxd6 54. Bxd6 Rf6 55. Re8+ Kf7 56. Re7+ Kg6 57.
Bf4 Rf7 58. Rxf7 1-0

[Event "*** Titled Tuesday Blitz"]
[Site "Chess.com"]
[Date "2019.04.02"]
[Round "7"]
[White "HiHaruka"]
[Black "Komissarov_alex"]
[Result "1/2-1/2"]
[WhiteElo "2221"]
[BlackElo "2077"]
[TimeControl "180+2"]
[EndTime "15:35:23 PDT"]
[Termination "Game drawn - insufficient material"]

1. d4 Nf6 2. c4 g6 3. Nc3 Bg7 4. e4 d6 5. Nf3 O-O 6. Be2 Na6 7. O-O e5 8. dxe5 dxe5 9. Bg5 h6 10. Bxf6 Bxf6 11.
Qxd8 Rxd8 12. Nd5 Kg7 13. Rfd1 Bg4 14. Nxf6 Kxf6 15. h3 Bxf3 16. Bxf3 Nc5 17. Rd5 Ne6 18. g3 c6 19. Rdd1 Rd4 20. Rac1 Rad8 21. h4 Rd2 22. Kg2 Rxb2 23. Rxd8 Nxd8 24. Rd1 Ke7 25. Bg4 Ne6 26. a3 Nd4 27. Rd3 h5 28. Bc8 b6 29. g4 hxg4 30. Bxg4 Rb3 31. Rxb3 Nxb3 32. Be2 Nd2 33. Bd3 Nb3 34.
Kg3 Nc5 35. Bc2 b5 36. cxb5 cxb5 37. f4 exf4+ 38. Kxf4 a5 39. Ke3 b4 40. axb4 axb4 41. Kd4 b3 42. Bb1 Ne6+ 43. Kc4 Kd6 44. Kxb3 Ke5 45.
Kb4 Nf4 46. Kc5 Ng2 47. Ba2 Nxh4 48. Bxf7 Kxe4 49. Bxg6+ Nxg6 1/2-1/2

[Event "*** Titled Tuesday Blitz"]
[Site "Chess.com"]
[Date "2019.04.02"]
[Round "7"]
[White "1995Tiger"]
[Black "SaraciNderim"]
[Result "1/2-1/2"]
[WhiteElo "2072"]
[BlackElo "2716"]
[TimeControl "180+2"]
[EndTime "15:35:24 PDT"]
[Termination "Game drawn by stalemate"]

1. e4 c5 2. Nf3 d6 3. d3 Nc6 4.
g3 g6 5. Bg2 Bg7 6. O-O Nf6 7.
c3 O-O 8. Re1 Rb8 9. d4 cxd4 10.
cxd4 d5 11. e5 Nd7 12. Nc3 Nb6 13. Bf4 Ra8 14. h4 Bg4 15. Rc1 Rc8 16. b3 h5 17. Qd2 Bxf3 18. Bxf3 e6 19. Bg5 Ne7 20. Nb5 Qd7 21. Nd6 Rxc1 22. Rxc1 Nec8 23. Qb4 Nxd6 24. Qxd6 Qb5 25. Rc7 Qd3 26. Kg2 Qxd4 27. Bf4 Nc8 28. Qd7 Nb6 29. Qd6 Qb2 30. Rxb7 Qxa2 31. Bg5 Qxb3 32.
Bf6 Bxf6 33. exf6 Qc3 34. Rb8 Rxb8 35. Qxb8+ Kh7 36. Qxa7 Qxf6 37. Qxb6 g5 38. hxg5 Qxg5 39. Qc7 Kg7 40. Qc3+ Kg6 41. Qd3+ Kg7 42. Qd4+ Kg6 43.
Qd3+ Kg7 44. Be2 h4 45. Qd4+ e5 46. Qxh4 Qxh4 47. gxh4 f5 48. Bb5 Kf6 49. Bc6 d4 50.
Kf3 Kg6 51. Be8+ Kf6 52. h5 Kg5 53. Bg6 e4+ 54. Ke2 e3 55. fxe3 dxe3 56. Kxe3 Kh6 57. Kf4 Kg7 58. Ke5 Kh8 59. Kxf5 Kg8 60. h6 Kh8 61.
Kf6 Kg8 62. h7+ Kh8 63. Kf7 1/2-1/2

[Event "*** Titled Tuesday Blitz"]
[Site "Chess.com"]
[Date "2019.04.02"]
[Round "7"]
[White "RayRobson"]
[Black "Anahita_Gholami"]
[Result "0-1"]
[WhiteElo "2848"]
[BlackElo "2719"]
[TimeControl "180+2"]
[EndTime "15:35:26 PDT"]
[Termination "Anahita_Gholami won on time"]

1. e4 e5 2. Nf3 Nc6 3. Bb5 a6 4. Ba4 Nf6 5. O-O b5 6. Bb3 Bb7 7. d3 Be7 8. c3 O-O 9. Nbd2 d5 10. Re1 dxe4 11. dxe4 h6 12. Qe2 Bd6 13. Nf1 Ne7 14. Ng3 Ng6 15. Bc2 c5 16. Nf5 Qb6 17. h3 Rfd8 18.
Nh2 c4 19. Nxd6 Qxd6 20. Nf1 a5 21. Ng3 a4 22. a3 Qc7 23. Nf5 Bc8 24. Qf3 Bxf5 25.
exf5 Nf4 26. Bxf4 exf4 27. Re2 Rd5 28. Be4 Nxe4 29. Qxe4 Rad8 30. Rae1 Qd6 31. Qf3 Rxf5 32. Re8+ Rxe8 33. Rxe8+ Kh7 34. Qe4 g6 35. f3 Kg7 36.
Kh2 Rd5 37. Rc8 Qe6 38. Qxe6 fxe6 39. Rb8 Kf6 40. h4 g5 41. Kh3 gxh4 42. Kxh4 Rd2 43. Rxb5 Rxg2 44. Rb4 Kf5 45. Kh3 Rg3+ 46. Kh2 Rxf3 47.
Rxa4 Rf2+ 48. Kh3 e5 49. Rxc4 Rxb2 50. a4 f3 51. Kg3 e4 52. Rc5+ Ke6 53. Rh5 Rg2+ 54.
Kf4 f2 55. Rxh6+ Kd5 56. c4+ Kc5 57. Rh5+ Kxc4 58. Rh1 Rg1 0-1

[Event "*** Titled Tuesday Blitz"]
[Site "Chess.com"]
[Date "2019.04.02"]
[Round "7"]
[White "lucasran"]
[Black "Mikedannnn"]
[Result "1-0"]
[WhiteElo "2411"]
[BlackElo "2502"]
[TimeControl "180+2"]
[EndTime "15:35:29 PDT"]
[Termination "lucasran won by resignation"]

1. c4 Nf6 2. Nf3 c5 3. g3 b6 4. Bg2 Bb7 5. O-O e6 6. Nc3 Be7 7. d4 cxd4 8. Qxd4 d6 9. Bg5 a6 10. Bxf6 Bxf6 11. Qf4 Bxf3 12. Bxf3 Ra7 13. Rfd1 Rd7 14. Rd3 Qc7 15. Rad1 Be5 16. Qh4 O-O 17. Ne4 h6 18. b3 f5 19. Nd2 Nc6 20. Bxc6 Qxc6 21. Nf3 Bf6 22. Qf4 Rfd8 23. Qd2 b5 24. Nd4 Bxd4 25. Rxd4 bxc4 26. Rxc4 Qb6 27. Rdc1 Kf7 28.
Rc6 Qb5 29. h4 a5 30. R1c4 d5 31. R4c5 Qb4 32. Qxb4 axb4 33. Ra5 Rb8 34. Raa6 Re7 35. f4 e5 36. fxe5 Rxe5 37. Rc7+ Re7 38. Rxe7+ Kxe7 39. Ra7+ Kf6 40. Kf2 Rc8 41. Ra4 Rc2 42. Rxb4 Rxa2 43. Rb6+ Ke5 44. Rb7 g5 45. h5 Rb2 46. Rh7 Rxb3 47. Rxh6 f4 48. gxf4+ gxf4 49. Rg6 Rh3 50. Rg5+ Ke4 51. Ke1 d4 52. Kf2 Rh2+ 53. Kf1 d3 54. exd3+ Kxd3 55. Re5 Kd4 56. Ra5 Rxh5 57. Rxh5 1-0

[Event "*** Titled Tuesday Blitz"]
[Site "Chess.com"]
[Date "2019.04.02"]
[Round "7"]
[White "Grischuk"]
[Black "joppie2"]
[Result "0-1"]
[WhiteElo "3045"]
[BlackElo "2811"]
[TimeControl "180+2"]
[EndTime "15:35:30 PDT"]
[Termination "joppie2 won by resignation"]

1. e4 c5 2. Nf3 d6 3. Bb5+ Bd7 4. Bxd7+ Nxd7 5. O-O Ngf6 6. Qe2 e6 7. c4 Ne5 8. b3 Be7 9. Bb2 Nfd7 10. Nxe5 dxe5 11.
f4 exf4 12. Bxg7 Rg8 13. Bb2 Bf6 14. e5 Bh8 15. Rxf4 Qg5 16. Re4 O-O-O 17. d3 Nxe5 18.
h4 Qh6 19. Bxe5 Bxe5 20. Rxe5 Qc1+ 21. Qe1 Qb2 22. Rxc5+ Kd7 23. Nd2 Qd4+ 24. Qf2 Qxa1+ 25. Kh2 f5 26. Nf3 Qf6 27. Rb5 b6 28. c5 bxc5 29. Qxc5 Ke8 30. Rb7 Rg7 31. Qxa7 Rxb7 32. Qxb7 Rxd3 33. Qb5+ Rd7 34. a4 Ke7 35. a5 e5 36.
Qxe5+ Qxe5+ 37. Nxe5 Rd5 38. Nc4 Kd8 39. Kg3 Rd4 40.
h5 Kc7 41. Kf3 Rd3+ 42. Kf4 Rxb3 43. Kxf5 Rb5+ 44. Kf6 Rxh5 45. g4 Rc5 46. Ne5 Rxa5 47. g5 Rc5 48. Nd3 Rc3 49. Ne5 Kd6 50. Nf7+ Kd5 51. Kg7 Ke6 52. Nh6 Rc7+ 53. Kg8 Ke5 54. Nf7+ Kf5 55. Kf8 Rxf7+ 56. Kxf7 Kxg5 0-1

[Event "*** Titled Tuesday Blitz"]
[Site "Chess.com"]
[Date "2019.04.02"]
[Round "7"]
[White "Chessialist"]
[Black "advantageLucy"]
[Result "1-0"]
[WhiteElo "2523"]
[BlackElo "2487"]
[TimeControl "180+2"]
[EndTime "15:35:31 PDT"]
[Termination "Chessialist won by checkmate"]

1. e4 e6 2. Qe2 c5 3. d3 Nc6 4. Nf3 g6 5. g3 Bg7 6. Bg2 Nge7 7.
O-O O-O 8. Re1 d6 9. Nbd2 e5 10.
a4 f5 11. Nc4 f4 12. c3 h6 13. Nfd2 Be6 14. Bf3 Qd7 15. a5 g5 16. Bg2 g4 17. f3 Ng6 18. Rf1 h5 19. b3 fxg3 20. hxg3 h4 21. fxg4 Rxf1+ 22. Nxf1 Bxg4 23. Bf3 Bh3 24. Bg5 Rf8 25. Bh5 Nce7 26. Kh2 Bxf1 27. Rxf1 hxg3+ 28. Kxg3 Nf4 29. Bxf4 exf4+ 30. Rxf4 Rxf4 31.
Kxf4 d5 32. exd5 Nxd5+ 33. Kg3 Qc7+ 34. Kf3 Qf4+ 35. Kg2 Nf6 36. Bf3 Qg5+ 37. Kf2 Qh4+ 38. Kf1 Qh3+ 39. Qg2 Qf5 40. Ke2 Kf8 41. Kd2 b5 42. axb6 axb6 43. Nxb6 Bh6+ 44. Kc2 Qf4 45. b4 Qc1+ 46. Kb3 cxb4 47. cxb4 Qb1+ 48. Kc4 Qc1+ 49. Kb5 Be3 50. Qg3 Qc3 51. Qd6+ Kg7 52. Nc4 Bg5 53.
Qe7+ Kg6 54. Be4+ Kh6 55. Qf8+ Kh5 56. Qf7+ Kh4 57. Qe6 Qd4 58. Qe5 Qd8 59. Qh2+ Kg4 60. Ne5# 1-0

[Event "*** Titled Tuesday Blitz"]
[Site "Chess.com"]
[Date "2019.04.02"]
[Round "7"]
[White "Touching3200"]
[Black "Roenko_Artur"]
[Result "1-0"]
[WhiteElo "2390"]
[BlackElo "2293"]
[TimeControl "180+2"]
[EndTime "15:35:34 PDT"]
[Termination "Touching3200 won by resignation"]

1. c4 e6 2. Nc3 d5 3. d4 c6 4. Qb3 Nf6 5. Nf3 Bd6 6. g3 O-O 7. Bg2 Nbd7 8. O-O b6 9. Nd2 Bb7 10. e4 dxe4 11. Ndxe4 Be7 12. Bf4 Nxe4 13. Nxe4 Nf6 14.
Rad1 Nxe4 15. Bxe4 Bf6 16. Qd3 h6 17. h4 Qd7 18. Qf3 Rac8 19. Bxh6 Ba8 20. Bg5 Bxd4 21. Qh5 f5 22. Bc2 c5 23. Kh2 Qc6 24. f3 Bxb2 25.
Bf4 Bd4 26. g4 Qe8 27. Qxe8 Rcxe8 28. Rde1 fxg4 29. fxg4 e5 30. Bg5 Rxf1 31. Rxf1 e4 32. Re1 e3 33. Bg6 Re6 34. Bf5 Re8 35. Bg6 Re6 36.
Bf5 Re8 37. Kg3 Be5+ 38. Bf4 Bxf4+ 39. Kxf4 e2 40. Bd3 Rd8 41. Bxe2 Re8 42. Kg3 Re4 43. Kf2 Rf4+ 44. Ke3 Re4+ 45. Kd3 Re5 46. Rf1 Be4+ 47. Kd2 Bg6 48. h5 Bf7 49. Bd3 Re7 50. Rf5 Rd7 51.
Kc3 Rd4 52. Rg5 Kf8 53. a4 a5 54. Be2 Re4 55. Bd3 Re1 56. Rf5 Ke7 57. Rf4 Be6 58.
g5 Rh1 59. h6 gxh6 60. g6 Rg1 61. Rh4 Rg3 62. Kd2 Kf6 63. Rxh6 Rg2+ 64. Kc3 Kg7 65.
Rh7+ Kg8 66. Re7 Bh3 67. Be4 Rg3+ 68. Kd2 Bf1 69. Bd5+ Kf8 70. Rf7+ 1-0

[Event "*** Titled Tuesday Blitz"]
[Site "Chess.com"]
[Date "2019.04.02"]
[Round "7"]
[White "MasterKroket"]
[Black "black_pawn_16"]
[Result "0-1"]
[WhiteElo "2360"]
[BlackElo "2096"]
[TimeControl "180+2"]
[EndTime "15:35:34 PDT"]
[Termination "black_pawn_16 won by checkmate"]

1. d4 f5 2. c4 Nf6 3. Nf3 e6 4. Nc3 Bb4 5. g3 Bxc3+ 6. bxc3 d6 7. Bg2 O-O 8. O-O Nc6 9. c5 dxc5 10. Ba3 Ne4 11.
Qc2 Re8 12. Rfd1 Qf6 13. e3 e5 14. d5 Nd8 15. Nd2 Nxd2 16. Rxd2 Qd6 17. c4 Nf7 18. Bb2 Bd7 19. h4 Re7 20. Bc3 Rae8 21. Kh2 b6 22. Qb2 a5 23. Bh3 Qg6 24. Rg1 Nd6 25.
Rdd1 Ne4 26. Be1 Nd6 27. Qe2 Bc8 28. h5 Qf6 29. Rc1 Rf8 30. Bc3 Ne4 31. Bb2 Qh6 32. Rce1 Nf6 33. Kg2 Nxh5 34. Rh1 Qg6 35. Kf1 Nf6 36. Bg2 h6 37. Bf3 Ne8 38. Rd1 Nd6 39. Qc2 Qf6 40. Ke1 Qf7 41. Kd2 f4 42. gxf4 exf4 43. e4 Ba6 44. Rdg1 Nxc4+ 45. Kc1 Nxb2 46. Qxb2 Qf6 47. Qb1 Qc3+ 48. Qc2 Qxf3 49. Rxh6 Qxe4 50. Qc3 Qe5 51. Qh3 Qa1+ 52. Kd2 Qb2+ 53. Kd1 Be2+ 54. Ke1 Qc1# 0-1

[Event "*** Titled Tuesday Blitz"]
[Site "Chess.com"]
[Date "2019.04.02"]
[Round "7"]
[White "Kawhi_Leonard2"]
[Black "Perecke"]
[Result "1-0"]
[WhiteElo "2207"]
[BlackElo "2059"]
[TimeControl "180+2"]
[EndTime "15:35:37 PDT"]
[Termination "Kawhi_Leonard2 won on time"]

1. e4 e5 2. Nf3 Nc6 3. Bb5 a6 4. Bxc6 dxc6 5. O-O Bg4 6. h3 h5 7. d3 Qf6 8. Be3 Be7 9. Nbd2 g5 10. Re1 Bxf3 11. Qxf3 Qxf3 12. Nxf3 f6 13. d4 exd4 14. Nxd4 Kf7 15. Nf5 Nh6 16. Nxe7 Kxe7 17. e5 Rhe8 18. exf6+ Kxf6 19. h4 Nf7 20. hxg5+ Nxg5 21. f3 Rad8 22. Kf2 Nf7 23. Bf4 Nd6 24. Rad1 Rxe1 25.
Rxe1 Re8 26. Rxe8 Nxe8 27. Ke3 Ke6 28. b3 Nf6 29. c4 Ne8 30. Ke4 c5 31. Be5 c6 32. g4 hxg4 33. fxg4 Kd7 34. g5 Ke7 35. Kf5 Kf7 36. g6+ Ke7 37. a4 b5 38. a5 b4 39.
Kg5 Ke6 40. g7 Kf7 41. Kh6 Kg8 42. Bb2 Nd6 43. Kg6 Ne4 44. Kf5 Nd2 45. Ke6 Nxb3 46. Kd6 Nxa5 47. Kxc5 Kf7 48. Kxb4 Nb7 49. Bd4 Kg8 50. Be5 Kf7 51. Kc3 Kg8 52. Kd4 Kf7 53.
Ke4 Na5 54. Kd4 Nb7 55. Ke4 Na5 56. c5 Nb7 57. Kd4 Nd8 58. Kc4 Ne6 59. Kb4 1-0

[Event "*** Titled Tuesday Blitz"]
[Site "Chess.com"]
[Date "2019.04.02"]
[Round "7"]
[White "HrvojeZagreb"]
[Black "Jospem"]
[Result "0-1"]
[WhiteElo "2046"]
[BlackElo "2764"]
[TimeControl "180+2"]
[EndTime "15:35:41 PDT"]
[Termination "Jospem won by resignation"]

1. d4 c5 2. c3 Nf6 3. Bf4 e6 4. e3 Nc6 5. h3 Qb6 6. Qb3 d5 7.
Nd2 c4 8. Qxb6 axb6 9. a3 b5 10. Rc1 Nd7 11. e4 Nb6 12. Ngf3 f6 13. g4 Na4 14.
Rc2 Bd7 15. Bg2 Ne7 16. O-O Kf7 17. Bd6 Bc6 18. Re1 Ng6 19. Bg3 Be7 20. h4 Rhe8 21. h5 Nf8 22. Nh4 g5 23. hxg6+ hxg6 24. exd5 exd5 25. Nf1 Nb6 26. Rce2 Rac8 27. Ne3 Nfd7 28. f4 Bf8 29. f5 g5 30. Ng6 Bg7 31. Nc2 Rxe2 32.
Rxe2 Re8 33. Rxe8 Kxe8 34. Nb4 Bf8 35. Nxf8 Kxf8 36. Bd6+ Kf7 37. Kf2 Na4 38. Bxd5+ Bxd5 39. Nxd5 Nxb2 40. Nc7 Nd1+ 41. Ke1 Nxc3 42. Bb4 Ne4 43. Nxb5 Nb6 44. Ke2 Nd5 45. Kf3 Nxb4 46. Kxe4 Nc2 47. Nd6+ Ke7 48. Nxb7 Nxa3 49. d5 c3 50. Kd3 c2 51.
Kd2 Kd7 52. Nc5+ Kd6 53. Ne4+ Ke5 54. d6 Nc4+ 55. Kxc2 Nxd6 56. Nxd6 Kxd6 57. Kd3 Kd5 58. Ke3 Ke5 59. Kf3 Kd4 60. Kf2 Ke4 61. Kg3 Ke3 62. Kg2 Kf4 63. Kh3 Kf3 64. Kh2 Kxg4 0-1

[Event "*** Titled Tuesday Blitz"]
[Site "Chess.com"]
[Date "2019.04.02"]
[Round "7"]
[White "novocane"]
[Black "Vusatiuk_Vladimir"]
[Result "1-0"]
[WhiteElo "2200"]
[BlackElo "2162"]
[TimeControl "180+2"]
[EndTime "15:35:42 PDT"]
[Termination "novocane won by resignation"]

1. d4 Nf6 2. c4 c5 3. d5 b5 4.
cxb5 a6 5. f3 g6 6. e4 d6 7. Na3 Bg7 8. Ne2 O-O 9. Nc3 Ne8 10. Be2 axb5 11. Naxb5 Ba6 12. O-O Nc7 13. a4 Bxb5 14. Nxb5 Nxb5 15. Bxb5 Bd4+ 16. Kh1 Na6 17. Rb1 Nb4 18. Bh6 Bg7 19. Bxg7 Kxg7 20. f4 f6 21. Rf3 f5 22. e5 dxe5 23. fxe5 Qxd5 24. Qxd5 Nxd5 25.
Bc6 Rad8 26. a5 Nb4 27. Bb7 Rd7 28. a6 Kf7 29. h4 Ke6 30. Re1 Nc2 31. Rc1 Nd4 32. Ra3 Kxe5 33. Rxc5+ Kf4 34. Kh2 e5 35. Rd5 Rc7 36. b4 Rb8 37. b5 Rcxb7 38. axb7 Rxb7 39. Ra5 Ke4 40. Rd8 Ne6 41. Re8 Nc5 42. b6 Kd4 43.
Rd8+ Kc4 44. Rc8 Rxb6 45. Raxc5+ Kd4 46. R5c7 e4 47. Rxh7 f4 48. Re7 Rb2 49. Rce8 e3 50.
Kh3 Kd3 51. g3 e2 52. gxf4 Rb3 53.
Re3+ Kd2 54. Rxb3 e1=Q 55. Rxe1 Kxe1 56. Kg4 Kf2 57. h5 gxh5+ 58. Kxh5 1-0

[Event "*** Titled Tuesday Blitz"]
[Site "Chess.com"]
[Date "2019.04.02"]
[Round "7"]
[White "almaguerjm"]
[Black "ALeks_Ivlev"]
[Result "0-1"]
[WhiteElo "2305"]
[BlackElo "2481"]
[TimeControl "180+2"]
[EndTime "15:35:51 PDT"]
[Termination "ALeks_Ivlev won by resignation"]

1. d4 Nf6 2. Nf3 c5 3. d5 e6 4. c4 exd5 5. cxd5 d6 6. Nc3 g6 7.
g3 Bg7 8. Bg2 O-O 9. O-O a6 10.
a4 Nbd7 11. Nd2 Re8 12. Re1 h5 13. Nc4 Ne5 14. Qb3 Nxc4 15. Qxc4 h4 16. Qxh4 Ng4 17. Qxd8 Rxd8 18. Bg5 Re8 19. Ne4 Bxb2 20. Nxd6 Bxa1 21.
Nxe8 f6 22. Bd2 Be5 23. Ba5 Bd7 24. Nc7 Rc8 25. d6 Bxd6 26. Nd5 Kf7 27. Nb6 Bc7 28. Bxb7 Bxb6 29. Bxb6 Rb8 30. Bd5+ Be6 31. Bxe6+ Kxe6 32. Bxc5 Rc8 33. Bb6 g5 34. h3 Ne5 35. Rb1 Rc2 36. Bd4 Nc4 37. Rb4 f5 38. h4 gxh4 39. gxh4 Kd5 40. e3 f4 41. Rb8 Nd2 42. Rd8+ Ke4 43.
Re8+ Kf3 44. Rf8 Rc1+ 45. Kh2 Nf1+ 46. Kh3 Nd2 47. Rxf4+ Ke2 48. h5 Nf3 49. Rxf3 Kxf3 50. Kh4 Ke4 51. Kg5 Rg1+ 52. Kh6 Kf5 53. Kh7 Ke6 54. f4 Kf7 55. h6 Rf1 56. a5 Rf2 57.
Bb6 Ra2 58. f5 Ra4 59. Bd4 Rxa5 60. e4 Ra4 61. e5 Rxd4 62. e6+ Kf6 63. Kg8 Rd8+ 64.
Kh7 Re8 65. e7 Rxe7+ 66. Kh8 Kxf5 67. Kg8 a5 0-1